AoeStats
← BronzyRex6

Four Lakes

508291981Analyzed
1v1 RM · 10d ago on Sep 21, 2026· 60m 35s· 2 players
Game mode
Random Map
Map size
Tiny (2 player)
Population
200
Speed
Normal
Resources
Standard
Victory
Conquest
Starting age
Dark Age
Ending age
Imperial Age
RankedLock teamsTeams togetherTeam positionsShared explorationLock speedFull tech treeHidden civsTurbo modeCheats
Victory
Defeat
🇵🇪 Japanese · Peru
508
+13
🇭🇺 Khmer · Hungary
432
-13
BronzyRex6
1:08 Loom
12:41 Feudal Age
17:27 Castle Age
16:03 Wheelbarrow
15:14 Town Watch
25:44 Fishing Lines
28:08 Husbandry
28:20 Bloodlines
31:10 Double-Bit Axe
32:36 Scale Barding Armor
35:33 Medium Warships
40:06 Imperial Age
38:05 Forging
46:23 Chain Barding Armor
46:38 Iron Casting
45:54 Fletching
48:28 Cavalier
49:40 Double Crossbow
LOCMAO
9:05 Loom
11:22 Feudal Age
12:46 Town Watch
13:46 Double-Bit Axe
16:19 Bloodlines
22:54 Horse Collar
31:20 Castle Age
30:52 Scale Barding Armor
30:48 Scale Mail Armor
30:59 Forging
30:39 Fletching
30:50 Padded Archer Armor
34:49 Town Patrol
37:22 Imperial Age
35:42 Wheelbarrow
36:53 Hand Cart
36:52 Bow Saw
37:39 Husbandry
37:00 Light Cavalry
41:29 Murder Holes
41:55 Ballistics
42:35 Chemistry
41:47 Masonry
41:48 Fortified Wall
41:20 Treadmill Crane
41:27 Arrowslits
44:59 Siege Engineers
48:43 Elite Samurai
50:30 Iron Casting
50:11 Chain Mail Armor
50:16 Chain Barding Armor
50:12 Leather Archer Armor
Connection lost

Rejoining the realm…

Still unreachable

The connection could not be restored.

Session expired

The server has moved on; the page needs a fresh start.